 Dungeon Crawl Stone Soup version 0.19.3 (webtiles) character file.

84 Lahna the Chiller (level 4, 0/30 HPs)
             Began as a Merfolk Ice Elementalist on Jan 22, 2017.
             Slain by a hobgoblin (2 damage)
             ... led by Robin
             ... on level 3 of the Dungeon.
             The game lasted 00:07:47 (2357 turns).

Lahna the Chiller (Merfolk Ice Elementalist)        Turns: 2357, Time: 00:07:48

Health: 0/30       AC:  5    Str:  8    XL:     4   Next: 45%
Magic:  8/8        EV: 13    Int: 15    God:
Gold:   83         SH:  0    Dex: 14    Spells: 3 memorised, 2 levels left

rFire  . . .     SeeInvis .     k - +0 dagger
rCold  . . .     Gourm    .     a - +0 robe
rNeg   . . .     Faith    .     (no shield)
rPois  .         Spirit   .     (no helmet)
rElec  .         Reflect  .     (no cloak)
rCorr  .         Harm     .     s - +2 pair of gloves
MR     .....                    (no boots)
Stlth  ++........               (no amulet)
                                (no ring)
                                (no ring)

@: no status effects
A: change form in water, swift swim, stealthy swim
a: no special abilities


You were on level 3 of the Dungeon.
You were near starving.

You visited 1 branch of the dungeon, and saw 3 of its levels.

You collected 83 gold pieces.

Inventory:

Hand Weapons
 k - a +0 dagger (weapon)
Armour
 a - a +0 robe (worn)
 s - a +2 pair of gloves (worn)
Jewellery
 l - an uncursed ring of see invisible
Scrolls
 e - a scroll of noise {unknown}
 h - a scroll of enchant weapon
 o - a scroll of magic mapping
 p - 3 scrolls of enchant armour {unknown}
 r - a scroll of remove curse
Potions
 f - a potion of might {unknown}
 g - a potion of lignification {unknown}
 n - a potion of degeneration {unknown}
 q - a potion of invisibility {unknown}
Books
 b - a book of Frost

   Spells                             Type                      Level
   a - Freeze                         Ice                          1
   b - Throw Frost                    Conjuration/Ice              2
   c - Ozocubu's Armour               Charms/Ice                   3
   d - Throw Icicle                   Conjuration/Ice              4
   e - Summon Ice Beast               Ice/Summoning                4
Comestibles
 c - 4 bread rations
 d - a slice of pizza
 i - a royal jelly
 j - a meat ration
 m - a beef jerky
 t - 3 chunks of flesh


   Skills:
 - Level 3.3 Dodging
 - Level 2.4 Stealth
 - Level 3.0 Spellcasting
 - Level 1.0 Conjurations
 + Level 4.3 Ice Magic


You had 2 spell levels left.
You knew the following spells:

 Your Spells              Type           Power        Failure   Level  Hunger
a - Freeze                Ice            ###.         3%          1    #......
b - Throw Frost           Conj/Ice       ##....       12%         2    ##.....
c - Summon Ice Beast      Ice/Summ       #.......     87%         4    #####..


Dungeon Overview and Level Annotations

Branches:
Dungeon (3/15)

Altars:
Cheibriados
Makhleb

Annotations:
D:3 Robin; tschems's ghost, amateur HuFi


Message History

You barely miss the frilled lizard. The frilled lizard misses you.
You hit the frilled lizard.
You kill the frilled lizard!
You see here a frilled lizard corpse.
You butcher the frilled lizard corpse.
t - 3 chunks of flesh (gained 1)
You see here a frilled lizard skeleton.
Things that are here:
a dagger; a goblin skeleton
Things that are here:
a club; a goblin corpse
There is a stone staircase leading down here.
You climb downwards.
Level annotation: Robin; tschems's ghost, amateur HuFi The hobgoblin hits you.
Tschems's ghost hits you!
* * * LOW HITPOINT WARNING * * *
The kobold throws a stone.
The stone barely misses you.
The stone hits the hobgoblin but does no damage.
The hobgoblin hits you.
You die...

#.. #..# #...
#..# #..# g
#..# ..#
#..#####..#..
#).K.))g.....
#@...#####...
#gW.###
#....# #....#
#...### ...^.
...... ......


You could see Robin, tschems's ghost, a hobgoblin and a kobold.

Vanquished Creatures
  An adder (D:2)
  An ooze (D:3)
  2 worms (D:2)
  2 dart slugs (D:1)
  2 leopard geckos
  An orc (D:3)
  4 bats
  4 giant cockroaches
  9 goblins
  7 hobgoblins
  3 jackals (D:1)
  A quokka (D:2)
  3 frilled lizards
  7 kobolds
  5 rats
52 creatures vanquished.

Notes
Turn   | Place    | Note
-------+----------+-------------------------------------------
     0 | D:1      | Lahna the Merfolk Ice Elementalist began the quest for the Orb.
     0 | D:1      | Reached XP level 1. HP: 13/13 MP: 3/3
   195 | D:1      | Reached XP level 2. HP: 8/19 MP: 1/5
   265 | D:1      | Reached skill level 4 in Ice Magic
   488 | D:1      | Reached XP level 3. HP: 8/24 MP: 1/6
   708 | D:1      | Learned a level 2 spell: Throw Frost
  1420 | D:2      | Reached skill level 1 in Conjurations
  1730 | D:2      | Found a burning altar of Makhleb.
  1786 | D:2      | Found a snail-covered altar of Cheibriados.
  1835 | D:2      | Reached XP level 4. HP: 28/30 MP: 5/8
  2028 | D:2      | Learned a level 4 spell: Summon Ice Beast
  2060 | D:3      | Noticed Robin
  2065 | D:3      | Noticed tschems's ghost (amateur HuFi)
  2357 | D:3      | Slain by a hobgoblin

Skill      XL: |  1  2  3 |
---------------+----------+-----
Ice Magic      | 4 |  4.3
Spellcasting   | 3 |  3.0
Conjurations   | 1 |  1.0
Dodging        | 3 |  3.3
Stealth        | |  2.4

Action                   |  1- 3 |  4- 6 || total
-------------------------+-------+-------++-------
Melee: Unarmed           |    27 |       ||    27
       Dagger            |    38 |    23 ||    61
 Cast: Freeze            |    45 |    17 ||    62
       Throw Frost       |    10 |     1 ||    11
  Use: Scroll            |     3 |       ||     3
 Stab: Sleeping          |     2 |     1 ||     3
  Eat: Chunk             |     4 |       ||     4
Armor: Robe              |    19 |    10 ||    29
Dodge: Dodged            |    69 |    29 ||    98
